 Dungeon Crawl Stone Soup version 0.19.0-9-gfd783f2 (webtiles) character file.

13716 Chiseanne the Protected (level 11, -1/112 HPs)
             Began as a High Elf Artificer on Nov 7, 2016.
             Was a High Priest of Vehumet.
             Slain by a troll (6 damage)
             ... on level 11 of the Dungeon.
             The game lasted 00:45:02 (9480 turns).

Chiseanne the Protected (High Elf Artificer)        Turns: 9480, Time: 00:45:03

Health: -1/112     AC: 18    Str: 17    XL:     11   Next: 79%
Magic:  33/33      EV: 17    Int: 21    God:    Vehumet [*****.]
Gold:   533        SH:  0    Dex: 16    Spells: 5 memorised, 3 levels left

rFire  + . .     SeeInvis .     a - +9 rapier (flame)
rCold  . . .     Gourm    .     I - +3 ring mail {rF+}
rNeg   + . .     Faith    .     (no shield)
rPois  .         Spirit   .     i - +1 helmet
rElec  .         Reflect  .     P - +2 cloak
rCorr  .         Harm     .     m - +0 pair of gloves
MR     +....                    (no boots)
Stlth  ..........               z - amulet of regeneration
                                k - ring of the Octopus King {MP+9 AC+1 EV+1 Str+1 Int+1 Dex+1}
                                B - ring of positive energy

@: berserking, slowed
A: no striking features
a: Renounce Religion


You were on level 11 of the Dungeon.
You worshipped Vehumet.
Vehumet was extremely pleased with you.
You were not hungry.

You visited 2 branches of the dungeon, and saw 12 of its levels.

You collected 533 gold pieces.

Inventory:

Hand Weapons
 a - a +9 rapier of flaming (weapon)
 w - a +0 blowgun
 O - the +1 mace "Uttuvva" {protect, +Fly rF+++ MR+}
   (You found it on level 7 of the Dungeon)

   It protects the one who uses it against injury (+AC on strike).
   It renders you almost immune to fire.
   It affects your resistance to hostile enchantments.
   It lets you fly.
Missiles
 c - 5 javelins
 g - 128 sling bullets
 h - 294 stones (quivered)
 r - 2 throwing nets
 x - 64 poisoned needles
 y - 114 arrows
 D - 79 bolts
 L - 11 tomahawks
Armour
 i - a +1 helmet (worn)
 m - a +0 pair of gloves (worn)
 s - +0 mottled dragon scales
 I - a +3 ring mail of fire resistance (worn)
 P - a +2 cloak (worn)
Magical Staves
 H - an uncursed staff of energy
Jewellery
 k - a ring of the Octopus King (right hand) {MP+9 AC+1 EV+1 Str+1 Int+1 Dex+1}
   (You found it on level 6 of the Dungeon)

   [ring of magical power]

   It affects your AC (+1).
   It affects your evasion (+1).
   It affects your strength (+1).
   It affects your intelligence (+1).
   It affects your dexterity (+1).
   It affects your magic capacity (+9).
 l - a +5 amulet of reflection
 z - an amulet of regeneration (around neck)
 B - a ring of positive energy (left hand)
 F - an uncursed ring of protection from magic
 K - an uncursed ring of wizardry
Wands
 t - a wand of iceblast (5/15)
 S - a wand of paralysis (1/24)
 X - a wand of confusion (0/48)
Scrolls
 e - a scroll of identify
 f - 4 scrolls of remove curse
 o - 2 scrolls of magic mapping
 M - 3 scrolls of teleportation
Potions
 j - a potion of magic
 n - a potion of flight
 v - 2 potions of curing
 A - 3 potions of lignification
 E - a potion of cure mutation
 R - a potion of cancellation
Books
 C - a book of Power

   Spells                             Type                      Level
   a - Fulminant Prism                Conjuration/Hexes            4
   b - Iskenderun's Mystic Blast      Conjuration                  4
   c - Venom Bolt                     Conjuration/Poison           5
   d - Bolt of Magma                  Conjuration/Fire/Earth       5
   e - Iron Shot                      Conjuration/Earth            6
   f - Orb of Destruction             Conjuration                  7
   g - Spellforged Servitor           Conjuration/Summoning        7
 U - a book of Clouds

   Spells                             Type                      Level
   a - Mephitic Cloud                 Conjuration/Poison/Air       3
   b - Conjure Flame                  Conjuration/Fire             3
   c - Poisonous Cloud                Conjuration/Poison/Air       6
   d - Freezing Cloud                 Conjuration/Ice/Air          6
   e - Ring of Flames                 Charms/Fire                  7
Comestibles
 b - 2 fruits
 d - 12 chunks of flesh
 p - 2 slices of pizza
 u - 7 meat rations
 J - 7 bread rations
 Q - 6 beef jerkies


   Skills:
 - Level 7.0 Fighting
 - Level 1.2 Short Blades
 * Level 9.3 Armour
 - Level 7.7 Dodging
 - Level 1.1 Stealth
 - Level 8.4 Spellcasting
 * Level 7.5 Conjurations
 * Level 2.7 Summonings
 - Level 5.6 Fire Magic
 * Level 3.3 Earth Magic
 - Level 3.1 Evocations


You had 3 spell levels left.
You knew the following spells:

 Your Spells              Type           Power        Failure   Level  Hunger
a - Conjure Flame         Conj/Fire      #####...     1%          3    None
b - Mephitic Cloud        Conj/Pois/Air  ###.....     4%          3    None
c - Sticky Flame          Conj/Fire      #####...     2%          4    ###....
d - Iron Shot             Conj/Erth      ####......   71%         6    ######.
e - Spellforged Servitor  Conj/Summ      ####......   99%         7    #######


Dungeon Overview and Level Annotations

Branches:
Dungeon (11/15)            Temple (1/1) D:5             Orc (0/2) D:10
   Lair: D:8-11

Altars:
Ashenzari
Cheibriados
Dithmenos
Elyvilon
Fedhas
Gozag
Hepliaklqana
Kikubaaqudgha
Makhleb
Nemelex Xobeh
Okawaru
Qazlal
Ru
Sif Muna
Trog
Uskayaw
Vehumet
Xom
Yredelemnul
Zin
The Shining One

Shops:
D:9 [


Message History

The troll is heavily wounded.
The troll bites you but does no damage. The troll closely misses you.
The troll claws you but does no damage. The troll bites you.
The troll claws you but does no damage. The troll misses you.
You puncture the troll! You burn the troll.
The troll is almost dead.
The troll bites you!
* * * LOW HITPOINT WARNING * * *
The troll claws you!
* * * LOW HITPOINT WARNING * * *
The troll claws you but does no damage. The troll closely misses you.
The troll misses you. The troll claws you.
* * * LOW HITPOINT WARNING * * *
Okay, then.
Okay, then.
A red film seems to cover your vision as you go berserk!
You feel yourself moving faster!
You feel mighty! The troll bites you!
* * * LOW HITPOINT WARNING * * *
The troll claws you.
You die...

.....# #.# #.# #. #.#)#
####.# #.# #.# #.##.#)# #.#
##.## #.# #.#....#
#.####...########.# #...#.T#
#............)..#.# #..###.#
######...######.#.#####..#..#
##.## #...).).)....##
#.#########.##########
#......@T...# #############


You could see a troll.

Vanquished Creatures
  Josephine (D:11)
  A hill giant (D:10)
  An ugly thing (D:10)
  A manticore (D:11)
  Joseph (D:7)
  2 gargoyles
  A hornet (D:10)
  A troll (D:11)
  A hippogriff (D:11)
  Duvessa (D:5)
  5 wraiths (D:11)
  18 yaks
  3 hungry ghosts (D:10)
  A mottled dragon (D:10)
  2 water moccasins
  5 orc warriors
  An ice beast (D:9)
  2 phantoms
  5 sky beasts
  A black bear (D:7)
  7 ogres
  4 big kobolds
  A centaur (D:6)
  A crocodile (D:10)
  A wyvern zombie (D:7)
  7 bullfrogs
  A wyvern skeleton (D:11)
  A scorpion (D:8)
  16 killer bees
  2 troll zombies (D:10)
  11 wights (D:11)
  2 howler monkeys
  9 crimson imps
  3 bullfrog zombies
  2 centaur zombies (D:10)
  2 jellies (D:9)
  A quasit (D:7)
  Crazy Yiuf (D:7)
  A bullfrog skeleton (D:7)
  3 orc priests
  8 gnolls
  5 hounds
  3 centaur skeletons
  2 iguanas (D:9)
  7 orc wizards
  11 worker ants
  3 ogre zombies (D:10)
  2 hound skeletons
  2 hound zombies
  12 adders
  2 shadow imps
  An adder zombie (D:5)
  3 worms
  A dart slug (D:3)
  3 leopard geckos
  27 orcs
  7 giant cockroaches
  10 goblins
  3 hobgoblins
  9 jackals
  5 quokkas
  2 ball pythons
  2 bats
  2 frilled lizards
  A goblin skeleton (D:10)
  A goblin zombie (D:10)
  A hobgoblin skeleton (D:10)
  4 hobgoblin zombies (D:10)
  23 kobolds
  An orc skeleton (D:10)
  11 orc zombies (D:10)
  A quokka skeleton (D:8)
  6 rats
311 creatures vanquished.

Vanquished Creatures (collateral kills)
  Blork the orc (D:4)
  Dowan (D:4)
  A hound (D:8)
  An orc priest (D:5)
  A dart slug (D:4)
  3 orcs
8 creatures vanquished.

Vanquished Creatures (others)
  A gnoll shaman (D:5)
  A leopard gecko (D:4)
  2 orcs
  2 fungi (D:7)
6 creatures vanquished.

Grand Total: 325 creatures vanquished

Notes
Turn   | Place    | Note
-------+----------+-------------------------------------------
     0 | D:1      | Chiseanne the High Elf Artificer began the quest for the Orb.
     0 | D:1      | Reached XP level 1. HP: 13/13 MP: 4/4
   518 | D:1      | Reached XP level 2. HP: 18/18 MP: 5/5
  1045 | D:2      | Reached XP level 3. HP: 18/24 MP: 6/6
  1633 | D:3      | Reached XP level 4. HP: 23/30 MP: 7/7
  2201 | D:3      | Found a glowing golden altar of the Shining One.
  2413 | D:4      | Found a bloodstained altar of Trog.
  2420 | D:4      | Found a glowing silver altar of Zin.
  2509 | D:4      | Reached skill level 1 in Armour
  2558 | D:4      | Reached XP level 5. HP: 28/36 MP: 8/8
  2884 | D:4      | Noticed a phantom
  2910 | D:4      | Killed a phantom
  2910 | D:4      | Reached skill level 2 in Armour
  2921 | D:4      | Noticed Blork the orc
  3064 | D:4      | Noticed Duvessa
  3065 | D:4      | Noticed Dowan
  3084 | D:4      | Killed Dowan
  3084 | D:4      | Reached XP level 6. HP: 8/43 MP: 9/9
  3090 | D:4      | Killed Blork the orc
  3098 | D:5      | Entered Level 5 of the Dungeon
  3098 | D:5      | Found a staircase to the Ecumenical Temple.
  3117 | D:5      | Your ally died
  3117 | D:5      | Reached skill level 5 in Dodging
  3323 | Temple   | Entered the Ecumenical Temple
  3475 | Temple   | Became a worshipper of Vehumet
  3505 | D:5      | Reached XP level 7. HP: 49/49 MP: 10/10
  3556 | D:5      | Reached skill level 3 in Armour
  3612 | D:5      | Found a hazy altar of Hepliaklqana.
  4088 | D:6      | Got a ring of the Octopus King
  4108 | D:6      | Identified a ring of the Octopus King {MP+9 AC+1 EV+1 Str+1 Int+1 Dex+1} (You found it on level 6 of the Dungeon)
  4177 | D:6      | Reached skill level 5 in Fighting
  4445 | D:6      | Reached skill level 4 in Armour
  4608 | D:6      | Reached XP level 8. HP: 57/57 MP: 11/11
  4662 | D:6      | Found a sacrificial altar of Ru.
  4865 | D:7      | Noticed Joseph
  4895 | D:7      | Killed Joseph
  4895 | D:7      | Reached skill level 5 in Armour
  5095 | D:7      | Reached * piety under Vehumet
  5095 | D:7      | Offered knowledge of Flame Tongue by Vehumet.
  5250 | D:7      | Found a hide-covered altar of Uskayaw.
  5312 | D:7      | Reached skill level 1 in Spellcasting
  5312 | D:7      | Reached XP level 9. HP: 61/64 MP: 12/12
  5561 | D:7      | Found a runed door.
  5565 | D:7      | Noticed Crazy Yiuf
  5567 | D:7      | Killed Crazy Yiuf
  5571 | D:7      | Got a smoking mace
  5590 | D:7      | Identified the cursed +1 mace "Uttuvva" {protect, +Fly rF+++ MR+} (You found it on level 7 of the Dungeon)
  5620 | D:7      | Reached skill level 6 in Armour
  5862 | D:8      | Offered knowledge of Freeze by Vehumet.
  5975 | D:8      | Reached ** piety under Vehumet
  6081 | D:8      | Learned a level 3 spell: Conjure Flame
  6307 | D:8      | Reached skill level 7 in Armour
  6357 | D:8      | Reached skill level 1 in Fire Magic
  6368 | D:8      | Reached skill level 5 in Spellcasting
  6368 | D:8      | Reached skill level 1 in Conjurations
  6667 | D:9      | Reached XP level 10. HP: 66/71 MP: 19/19
  6687 | D:9      | Found a shattered altar of Ashenzari.
  6820 | D:9      | Offered knowledge of Static Discharge by Vehumet.
  6825 | D:9      | Learned a level 3 spell: Mephitic Cloud
  6923 | D:9      | Found Hener's Armour Shoppe.
  7128 | D:9      | Reached *** piety under Vehumet
  7463 | D:9      | Reached skill level 8 in Armour
  7480 | D:9      | Offered knowledge of Sticky Flame by Vehumet.
  7573 | D:10     | Entered Level 10 of the Dungeon
  7579 | D:10     | Learned a level 4 spell: Sticky Flame
  7658 | D:10     | Noticed a red ugly thing
  7668 | D:10     | Killed a red ugly thing
  7869 | D:10     | Reached skill level 5 in Conjurations
  7871 | D:10     | Reached skill level 5 in Fire Magic
  7955 | D:10     | Noticed a gargoyle
  7962 | D:10     | Killed a gargoyle
  7970 | D:10     | You fall through a shaft!
  8175 | D:10     | Reached **** piety under Vehumet
  8179 | D:10     | Found a staircase to the Orcish Mines.
  8182 | D:10     | Noticed a hill giant
  8214 | D:10     | Offered knowledge of Dazzling Spray by Vehumet.
  8383 | D:10     | Reached XP level 11. HP: 74/75 MP: 23/23
  8558 | D:10     | Killed a hill giant
  8616 | D:10     | Learned a level 6 spell: Iron Shot
  8802 | D:10     | Reached ***** piety under Vehumet
  8802 | D:10     | Offered knowledge of Poison Arrow by Vehumet.
  8930 | D:11     | Reached skill level 1 in Earth Magic
  9109 | D:11     | Learned a level 7 spell: Spellforged Servitor
  9214 | D:11     | Reached skill level 9 in Armour
  9214 | D:11     | Reached skill level 1 in Summonings
  9379 | D:11     | Noticed Josephine
  9397 | D:11     | Killed Josephine
  9480 | D:11     | HP: 5/112 [troll (12)]
  9480 | D:11     | Slain by a troll

Skill      XL: |  1  2  3  4  5  6  7  8  9 10 11 |
---------------+----------------------------------+-----
Fighting       | 2 3 4 5 7 |  7.0
Dodging        | 3 4 5 6 7 |  7.7
Armour         | 1 2 4 5 7 8 9 |  9.3
Spellcasting   | 1 5 7 8 |  8.4
Fire Magic     | 2 5 |  5.6
Conjurations   | 2 5 7 |  7.5
Earth Magic    | 3 |  3.3
Summonings     | 2 |  2.7
Short Blades   | |  1.2
Stealth        | |  1.1
Evocations     | |  3.1

Action                   |  1- 3 |  4- 6 |  7- 9 | 10-12 || total
-------------------------+-------+-------+-------+-------++-------
Melee: Short sword       |   135 |   211 |       |       ||   346
       Rapier            |       |     5 |   300 |   593 ||   898
 Cast: Sticky Flame      |       |       |       |     3 ||     3
Evoke: Wand              |     1 |    22 |    35 |    46 ||   104
  Use: Scroll            |       |    15 |    10 |     7 ||    32
       Potion            |       |     8 |     3 |     6 ||    17
 Stab: Sleeping          |     1 |     1 |     1 |       ||     3
       Distracted        |       |       |       |     1 ||     1
       Paralysed         |       |       |       |     2 ||     2
       Confused          |       |       |       |     1 ||     1
  Eat: Bread ration      |     1 |       |       |       ||     1
       Chunk             |     2 |     7 |    11 |    12 ||    32
       Fruit             |       |       |       |     4 ||     4
Armor: Leather armour    |    18 |       |       |       ||    18
       Ring mail         |    21 |    58 |    86 |   294 ||   459
       Skin              |       |       |     2 |       ||     2
Dodge: Dodged            |    93 |   124 |   222 |   623 ||  1062
